 Dungeon Crawl Stone Soup version 0.28-a0-206-gc2c9e32840 (webtiles) character file.

Game seed: 18019717487354207035

3402 rabbitsville the Cleaver (level 9, -6/85 HPs)
             Began as a Minotaur Berserker on Aug 20, 2021.
             Was a Priest of Trog.
             Mangled by a gnoll sergeant (10 damage)
             ... on level 8 of the Dungeon.
             The game lasted 00:25:32 (7701 turns).

rabbitsville the Cleaver (Minotaur Berserker)       Turns: 7701, Time: 00:25:33

Health: -6/85      AC: 12    Str: 25    XL:     9   Next: 75%
Magic:  8/8        EV: 12    Int:  4    God:    Trog [***...]
Gold:   389        SH:  0    Dex: 10    Spells: 8/8 levels left

rFire   . . .      SeeInvis .   a - +0 hand axe
rCold   + . .      Faith    .   (no shield)
rNeg    . . .      Spirit   .   u - +2 chain mail {rC+}
rPois   .          Reflect  .   (helmet restricted)
rElec   .          Harm     .   r - +1 cloak {Stlth+}
rCorr   .          Rampage  .   (no gloves)
Will    ++...                   (no boots)
Stlth   ..........              (no amulet)
HPRegen 1.24/turn               h - +4 ring of evasion
MPRegen 0.11/turn               (no ring)

@: lethally poisoned (-6 -> -36), strong-willed, on berserk cooldown,
regenerating, slowed, very slow
A: horns 2, retaliatory headbutt
a: Renounce Religion, Berserk, Trog's Hand


You were on level 8 of the Dungeon.
You worshipped Trog.
Trog was most pleased with you.
You visited 2 branches of the dungeon, and saw 9 of its levels.

You collected 389 gold pieces.

Inventory:

Hand Weapons
 a - a +0 hand axe (weapon)
Missiles
 b - 5 throwing nets
 g - 25 poisoned darts (quivered)
Armour
 r - a +1 cloak of stealth (worn)
 u - a +2 chain mail of cold resistance (worn)
Jewellery
 h - a +4 ring of evasion (left hand)
Scrolls
 e - 2 scrolls of identify
 i - a scroll of amnesia {unknown}
 j - a scroll of magic mapping {unknown}
 k - a scroll of enchant armour {unknown}
 l - 4 scrolls of teleportation
 m - a scroll of enchant weapon {unknown}
 o - 2 scrolls of brand weapon
Potions
 d - a potion of flight {unknown}
 f - a potion of heal wounds {unknown}
 n - a potion of cancellation {unknown}
 p - 3 potions of curing
 q - a potion of haste {unknown}
 s - a potion of berserk rage {unknown}


   Skills:
 + Level 10.2 Fighting
 * Level 13.5 Axes
 - Level 2.4 Armour
 - Level 2.1 Dodging


You had 8 spell levels left.
You didn't know any spells.
Your spell library was empty.

Dungeon Overview and Level Annotations

Branches:
Dungeon (8/15)             Temple (1/1) D:5
   Lair: D:8-11

Altars:
Ashenzari
Dithmenos
Elyvilon
Fedhas
Gozag
Hepliaklqana
Kikubaaqudgha
Nemelex Xobeh
Okawaru
Qazlal
Ru
Sif Muna
Trog
Uskayaw
Vehumet
Wu Jian
Xom
Yredelemnul
Zin
The Shining One

Shops:
D:5 [

Annotations:
D:8 1 transporter, Grum; MudFish's ghost, amateur MiAK


Innate Abilities, Weirdness & Mutations

You have a pair of horns on your head.
You reflexively headbutt those who attack you in melee.


Message History

* * * LOW HITPOINT WARNING * * *
You are more poisoned.
You hit the gnoll sergeant. The gnoll sergeant blocks your attack.
The gnoll sergeant is lightly wounded.
You feel very sick.
The gnoll sergeant hits you but does no damage.
You are more poisoned.
You hit the gnoll sergeant.
The gnoll sergeant is moderately wounded.
* * * LOW HITPOINT WARNING * * *
You feel very sick. The gnoll sergeant closely misses you.
You furiously retaliate!
You headbutt the gnoll sergeant! You slash the gnoll sergeant!
You kill the gnoll sergeant!
Trog accepts your kill.
* * * LOW HITPOINT WARNING * * *
You feel very sick.
The wolf stops to sniff the ground.
You hit the wolf. You headbutt the wolf!
The wolf is almost dead.
* * * LOW HITPOINT WARNING * * *
You feel very sick.
The gnoll sergeant hits you from afar with a +0 spear of venom.
* * * LOW HITPOINT WARNING * * *
You are more poisoned.
The wolf bites you but does no damage.
You hit the wolf.
You kill the wolf!
Trog accepts your kill.
* * * LOW HITPOINT WARNING * * *
You feel very sick.
You are no longer berserk.
You are exhausted.
You feel yourself slow down.
* * * LOW HITPOINT WARNING * * *
You feel very sick. The gnoll barely misses you. The gnoll shaman misses you.
The gnoll sergeant hits you with a +0 spear of venom!
You die...

#/ .©. .###. ### ./... ...
# ######'## #.#P⌠.#..8#
.'....)©)# .#P⌠.#).8# .#
#..≈≈.8#.######'######.
##..≈≈###..hgg@))W......###
...≈≈#...###g#####.###...
#.≈≈#h#g#.###.©.###.#.# ≈
#.≈≈#####...........#####≈
#.≈≈≈≈≈≈≈≈≈≈≈...≈≈≈≈≈≈≈≈≈≈
#.≈≈≈≈≈≈≈≈≈≈≈...≈≈≈≈≈≈≈≈≈≈
#.........................
#..#############....###...
#####.## #..'....+


You could see a gnoll sergeant, a wolf, a gnoll shaman, MudFish's ghost and a
gnoll.

Vanquished Creatures
  Harold (D:7)
  Pikel (D:7)
  Sigmund (D:2)
  A steam dragon (D:7)
  A water moccasin (D:6)
  2 black bears
  3 ogres
  A necrophage (D:6)
  A wolf (D:8)
  A lemure (D:7)
  A phantom (D:4)
  A bullfrog (D:7)
  6 scorpions
  A wyvern zombie (D:7)
  2 gnoll sergeants (D:8)
  3 howler monkeys
  A centaur skeleton (D:7)
  2 hounds (D:6)
  6 iguanas
  An orc wizard (D:3)
  Robin (D:2)
  A howler monkey zombie (D:5)
  5 gnolls (D:8)
  8 adders
  An ufetubus (D:4)
  2 worms
  5 dart slugs
  5 orcs
  7 endoplasms
  3 giant cockroaches
  11 goblins
  7 hobgoblins
  3 jackals (D:2)
  4 quokkas
  7 ball pythons
  5 bats
  3 frilled lizards
  5 kobolds
  A rat (D:1)
121 creatures vanquished.

Vanquished Creatures (others)
  4 plants (D:8)
4 creatures vanquished.

Grand Total: 125 creatures vanquished

Notes
Turn   | Place    | Note
-------+----------+-------------------------------------------
     0 | D:1      | rabbitsville the Minotaur Berserker began the quest for the
                  | Orb.
     0 | D:1      | Reached XP level 1. HP: 19/19 MP: 0/0
   209 | D:1      | Reached skill level 4 in Axes
   346 | D:1      | Reached XP level 2. HP: 27/27 MP: 1/1
   944 | D:2      | Reached XP level 3. HP: 24/33 MP: 2/2
   944 | D:2      | Found a faded altar of an unknown god.
   953 | D:2      | Reached ** piety under Trog
  1091 | D:2      | Noticed Robin
  1096 | D:2      | Killed Robin
  1097 | D:2      | Reached skill level 5 in Axes
  1138 | D:2      | Noticed Sigmund
  1145 | D:2      | Killed Sigmund
  1146 | D:2      | Reached skill level 5 in Fighting
  1146 | D:2      | Reached skill level 6 in Axes
  1146 | D:2      | Reached XP level 4. HP: 42/42 MP: 3/3
  1146 | D:2      | Reached XP level 5. HP: 48/48 MP: 4/4
  2310 | D:3      | Reached skill level 7 in Axes
  2310 | D:3      | Reached XP level 6. HP: 45/56 MP: 5/5
  3265 | D:4      | Found a white marble altar of Elyvilon.
  3268 | D:4      | Found an ornate altar of the Wu Jian Council.
  3269 | D:4      | Found a sparkling altar of Nemelex Xobeh.
  3278 | D:4      | Found a blossoming altar of Fedhas.
  3299 | D:4      | Reached *** piety under Trog
  3430 | D:4      | Reached skill level 8 in Axes
  3611 | D:5      | Entered Level 5 of the Dungeon
  3618 | D:5      | Reached XP level 7. HP: 63/63 MP: 6/6
  3922 | D:5      | Found a staircase to the Ecumenical Temple.
  3932 | Temple   | Entered the Ecumenical Temple
  4119 | D:5      | Found Golonol's Antique Armour Shoppe.
  4644 | D:6      | Reached skill level 9 in Axes
  5102 | D:6      | Reached XP level 8. HP: 61/73 MP: 7/7
  5268 | D:6      | Reached skill level 10 in Axes
  6655 | D:7      | Reached skill level 11 in Axes
  6765 | D:7      | Noticed Pikel
  6767 | D:7      | Noticed Harold
  6774 | D:7      | Killed Pikel
  6775 | D:7      | Reached XP level 9. HP: 82/82 MP: 8/8
  6786 | D:7      | Killed Harold
  6787 | D:7      | Reached skill level 12 in Axes
  7109 | D:7      | Reached skill level 10 in Fighting
  7109 | D:7      | Reached skill level 13 in Axes
  7620 | D:8      | Identified the +8 trident of Plunder {venom, rN++ Str-3}
  7620 | D:8      | Identified the +4 kite shield of Valour {Regen+ Stlth+}
  7621 | D:8      | Found a transporter.
  7621 | D:8      | Found a transporter.
  7636 | D:8      | Noticed Grum
  7688 | D:8      | Noticed MudFish's ghost (amateur MiAK)
  7701 | D:8      | HP: 4/85 [poisoned by a gnoll sergeant]
  7701 | D:8      | Mangled by a gnoll sergeant

Illustrated notes

Levels and vault maps discovered:
D:1:      dpeg_arrival_central, layout_loops_ring, minmay_misc_feat_cross
D:2:      layout_basic, shapermc_ecumenical_altar_starsandcircs, minmay_cupped,
          uniq_sigmund, uniq_robin
D:3:      layout_loops_ring, serial_glass, glass_columns_a, glass_columns_c,
          glass_columns_b, glass_columns_c, glass_columns_a, glass_columns_b,
          kennysheep_cluttered_room
D:4:      layout_gridville, grunt_temple_overflow_open, roderic_serpentine_path,
          amcnicky_mini_rare_corridor_liquid, minmay_quantized
D:5:      layout_basic, minmay_temple_entry_purple_smoke, serial_shops,
          nicolae_shop_window_shopping
D:6:      layout_gridville
D:7:      layout_basic, uniq_harold, uniq_pikel
D:8:      layout_basic, serial_shops, shop, enter_bailey_2,
          gammafunk_ghost_gnarly_gnolls, uniq_joseph
Temple:   regret_index_temple_sphere_string

Skill      XL: |  1  2  3  4  5  6  7  8  9 |
---------------+----------------------------+-----
Axes           | 4 6 7 8 9 11 13 | 13.5
Fighting       | 4 5 6 7 8 10 | 10.2
Armour         | |  2.4
Dodging        | |  2.1

Action                   |  1- 3 |  4- 6 |  7- 9 || total
-------------------------+-------+-------+-------++-------
Melee: Hand axe          |    56 |   105 |   178 ||   339
       Headbutt          |    13 |    25 |    34 ||    72
Invok: Berserk           |     2 |       |     2 ||     4
       Trog's Hand       |       |       |     2 ||     2
  Use: Scroll            |       |     2 |     3 ||     5
Armor: Scale mail        |    23 |    30 |    19 ||    72
       Chain mail        |       |       |    23 ||    23
Dodge: Dodged            |    23 |    65 |   102 ||   190

Table legend: (Time is in decaauts)
 A = Elapsed time spent in this place.
 B = Non-inter-level travel time spent in this place.
 C = Inter-level travel time spent in this place.
 D = Time resting spent in this place.
 E = Time spent auto-exploring this place.
 F = Levels seen in this place.
 G = Mean time per level.
                   A        B        C        D        E       F      G
               +--------+--------+--------+--------+--------+-----+--------+
         Total |   7677 |   7466 |    211 |   1226 |   3404 |   9 |  853.0 |
       Dungeon |   7506 |   7322 |    184 |   1226 |   3263 |   8 |  938.2 |
        Temple |    170 |    143 |     27 |      0 |    141 |   1 |  170.0 |
               +--------+--------+--------+--------+--------+-----+--------+

Top non-repeatable levels by time:
     D:6: 1762 daAuts
     D:2: 1210 daAuts
     D:7: 1199 daAuts
     D:4: 956 daAuts
     D:5: 832 daAuts
     D:1: 743 daAuts
     D:3: 716 daAuts
  Temple: 170 daAuts
     D:8: 85 daAuts
